 Dungeon Crawl Stone Soup version 0.30-a0-6-g7c9e10e132 (webtiles) character file.

Game seed: 9283303356140259025

849 Flugkiller the Chopper (level 7, -3/63 HPs)
             Began as a Minotaur Fighter on Aug 22, 2022.
             Killed from afar by an orc wizard (13 damage)
             ... with a puff of flame
             ... on level 5 of the Dungeon.
             The game lasted 00:02:01 (3930 turns).

Flugkiller the Chopper (Minotaur Fighter)           Turns: 3930, Time: 00:02:01

Health: -3/63      AC: 11    Str: 20    XL:     7   Next: 69%
Magic:  6/6        EV: 10    Int:  5    God:
Gold:   165        SH:  5    Dex: 18    Spells: 6/6 levels left

rFire   . . .      SeeInvis .    a - +1 war axe
rCold   . . .      Faith    .    c - +0 buckler
rNeg    . . .      Spirit   .    b - +0 scale mail
rPois   .          Reflect  .    (helmet restricted)
rElec   .          Harm     .    (no cloak)
rCorr   .          Rampage  .    (no gloves)
Will    .....                    (no boots)
Stlth   ..........               (no amulet)
HPRegen 0.20/turn                p - +4 ring of protection
MPRegen 0.10/turn                m - +6 ring of dexterity

@: no status effects
A: horns 2, retaliatory headbutt
a: no special abilities


You were on level 5 of the Dungeon.
You visited 1 branch of the dungeon, and saw 5 of its levels.

You collected 215 gold pieces.
You spent 50 gold pieces at shops.

Inventory:

Hand Weapons
 a - a +1 war axe (weapon)
Armour
 b - a +0 scale mail (worn)
 c - a +0 buckler (worn)
Jewellery
 m - a +6 ring of dexterity (right hand)
   (You found it on level 3 of the Dungeon)
 p - a +4 ring of protection (left hand)
   (You found it on level 2 of the Dungeon)
 q - a ring of flight
   (You found it on level 3 of the Dungeon)
 t - an amulet of faith
   (You found it on level 4 of the Dungeon)
Scrolls
 e - 2 scrolls of enchant armour
 g - a scroll of butterflies {unknown}
 i - 2 scrolls of enchant weapon
 o - a scroll of fear {unknown}
 r - 4 scrolls of identify
Potions
 d - a potion of might
 f - a potion of invisibility {unknown}
 h - 4 potions of magic {unknown}
 j - 2 potions of lignification {unknown}
 k - a potion of cancellation {unknown}
 l - 3 potions of ambrosia {unknown}
 n - 4 potions of haste {unknown}


   Skills:
 + Level 6.1 Fighting
 * Level 7.4 Axes
 + Level 6.1 Armour
 + Level 2.6 Dodging
 - Level 3.6 Shields


You had 6 spell levels left.
You didn't know any spells.
Your spell library was empty.

Dungeon Overview and Level Annotations

Branches:
Dungeon (5/15)
 Temple: D:4-7

Altars:
Trog
Xom

Shops:
D:4 !

Annotations:
D:3 1 runed translucent door, zkyp's ghost, weakling DsDe


Innate Abilities, Weirdness & Mutations

You have a pair of horns on your head.
You reflexively headbutt those who attack you in melee.


Message History

Duvessa zaps a wand.
The puff of flame misses you.
Duvessa zaps a wand.
The puff of flame hits you!
You hit Duvessa.
Duvessa is lightly wounded.
You block Duvessa's attack.
Duvessa zaps a wand.
The puff of flame hits you!
* * * LOW HITPOINT WARNING * * *
You slash Duvessa! You headbutt Duvessa.
Duvessa is severely wounded.
Duvessa hits you with a +0 short sword.
* * * LOW HITPOINT WARNING * * *
Duvessa completely misses you.
You slash Duvessa!
You kill Duvessa!
You hear a distant wail of despair.
Your Axes skill increases to level 7!
Dowan seems to find hidden reserves of power!
Dowan hits you with a +0 dagger.
* * * LOW HITPOINT WARNING * * *
You block Dowan's attack.
You slash Dowan!
Dowan is severely wounded.
You block Dowan's attack.
Dowan zaps a wand.
The puff of flame misses you.
You slash Dowan!
You kill Dowan!
Your Fighting skill increases to level 6!
Your Armour skill increases to level 6!
Items here: ) / [ †.
You start resting.
Your hearing returns.
You start resting.
A howler monkey comes into view.
Unknown command.
The howler monkey hoots and howls with incredible vigour!
You hear a shout! x3; You hear an angry hiss.
Something shouts, "Begone, thou peaked earth-vexing bull-brain!"
The howler monkey hoots and howls with incredible vigour!
You hear a shout!
The howler monkey hits you.
* * * LOW HITPOINT WARNING * * *
You are too injured to fight recklessly!
You slash the howler monkey! You headbutt the howler monkey.
The howler monkey is severely wounded.
The howler monkey hits you but does no damage.
You are too injured to fight recklessly!
You hit the howler monkey.
You kill the howler monkey!
You are too injured to fight recklessly!
You feel a little less mighty now.
You see here a howler monkey corpse.
A gnoll comes into view. It is wielding a +0 club.
A gnoll comes into view. It is wielding a +0 club.
You hit the gnoll.
The gnoll is moderately wounded.
You block the gnoll's attack.
You are too injured to fight recklessly!
You hit the gnoll. You headbutt the gnoll.
The gnoll is almost dead.
The gnoll hits you with a +0 club.
* * * LOW HITPOINT WARNING * * *
You are too injured to fight recklessly!
You hit the gnoll.
You kill the gnoll!
You are too injured to fight recklessly!
You see here a +0 club.
You are too injured to fight recklessly!
You slash the gnoll!
The gnoll is severely wounded.
You block the gnoll's attack.
You are too injured to fight recklessly!
You hit the gnoll.
The gnoll is almost dead.
The gnoll hits you but does no damage. x2
You slash the gnoll!
You kill the gnoll!
You hear a distant slurping noise.
You see here a +0 club.
You start resting.
A gnoll comes into view. It is wielding a +0 flail.
You see here a +0 club.
You see here a +0 club.
A shadow imp comes into view.
The shadow imp shouts, "Get thee gone, thou puny beef-witted maggot-pie!"
You hear a distant slurping noise.
An orc wizard comes into view. It is wielding a +0 dagger.
Found a stone staircase leading up.
The orc wizard moves out of view.
An orc wizard and an orc come into view.
The orc wizard shouts!
The orc shouts!
An orc comes into view. It is wielding a +0 falchion.
The orc wizard moves out of view.
There is a large open door here.
Found a long sword.
The orc attacks as you move away! The orc hits you but does no damage.
The orc wizard points at you and mumbles some strange words.
You resist with some effort.
The orc wizard points at you and mumbles some strange words.
The magic dart hits you!
* * * LOW HITPOINT WARNING * * *
The orc wizard casts a spell at you. The puff of flame hits you!
You die...

#......#.......g.####.......
#.....#....................
##.....#.###..............##
.......'5########.........##
......o.o.....#######.....##
).......o.......... #.....##
....###............ #.....#
... #....o....... ......# ..
#....@..............#
#.....<..........####
#.......####.....# #.......#
###### #.......# #.......#
#########


You could see 2 orc wizards, a shadow imp and 2 orcs.

Vanquished Creatures
  Eustachio (D:4)
  Duvessa (D:5)
  A black bear (D:5)
  Dowan (D:5)
  2 howler monkeys
  An orc priest (D:3)
  2 hounds (D:4)
  2 iguanas
  Ijyb (D:3)
  Natasha (thrice) (D:2)
  Robin (D:3)
  2 gnolls (D:5)
  6 adders
  An ufetubus (D:5)
  A dart slug (D:4)
  3 orcs (D:3)
  8 ball pythons
  9 bats
  7 endoplasms
  3 giant cockroaches
  13 goblins
  4 hobgoblins
  7 jackals
  A quokka (D:2)
  4 frilled lizards
  5 kobolds
  4 rats
94 creatures vanquished.

Notes
Turn   | Place    | Note
-------+----------+-------------------------------------------
     0 | D:1      | Flugkiller the Minotaur Fighter began the quest for the
                  | Orb.
     0 | D:1      | Reached XP level 1. HP: 19/19 MP: 0/0
   138 | D:1      | Reached skill level 3 in Axes
   138 | D:1      | Reached XP level 2. HP: 27/27 MP: 1/1
  1010 | D:2      | Reached XP level 3. HP: 32/33 MP: 2/2
  1205 | D:2      | Found a faded altar of an unknown god.
  1271 | D:2      | Identified the +4 ring mail of Gaelic {rPois Str+4}
  1303 | D:2      | Reached skill level 4 in Axes
  1307 | D:2      | Noticed Natasha
  1312 | D:2      | Killed Natasha
  1313 | D:2      | Reached XP level 4. HP: 32/41 MP: 3/3
  1551 | D:2      | Found a bloodstained altar of Trog.
  1656 | D:2      | Noticed Natasha
  1667 | D:2      | Killed Natasha
  1923 | D:2      | Noticed Natasha
  1928 | D:2      | Killed Natasha
  1929 | D:2      | Reached XP level 5. HP: 36/47 MP: 4/4
  2053 | D:3      | Noticed zkyp's ghost (weakling DsDe)
  2057 | D:3      | Found a runed translucent door.
  2199 | D:3      | Noticed Ijyb
  2225 | D:3      | Killed Ijyb
  2226 | D:3      | Reached skill level 5 in Axes
  2365 | D:3      | Noticed Robin
  2374 | D:3      | Killed Robin
  2638 | D:3      | Reached skill level 5 in Fighting
  2638 | D:3      | Reached skill level 5 in Armour
  2949 | D:4      | Reached XP level 6. HP: 56/56 MP: 5/5
  3019 | D:4      | Found Gut Zani's Distillery.
  3027 | D:4      | Bought a potion of heal wounds for 50 gold pieces
  3379 | D:4      | Reached skill level 6 in Axes
  3412 | D:4      | Noticed Eustachio
  3421 | D:4      | Killed Eustachio
  3422 | D:4      | Reached skill level 1 in Dodging
  3479 | D:4      | Reached XP level 7. HP: 61/61 MP: 6/6
  3737 | D:5      | Entered Level 5 of the Dungeon
  3737 | D:5      | Found a shimmering altar of Xom.
  3841 | D:5      | Noticed Duvessa
  3841 | D:5      | Noticed Dowan
  3864 | D:5      | Killed Duvessa
  3865 | D:5      | Reached skill level 7 in Axes
  3867 | D:5      | Killed Dowan
  3930 | D:5      | Killed from afar by an orc wizard

Illustrated notes

Levels and vault maps discovered:
D:1:      elethiomel_arrival_quiet, layout_basic,
          chequers_serial_rivers_micro_b, minivault_25, minmay_misc_feat_alley,
          chequers_serial_rivers_large_a
D:2:      layout_loops_corners, basic_ecumenical_altar, basic_altar,
          uniq_natasha
D:3:      layout_loops_ring, hellmonk_ghost_happy_afterlife, chequers_arboretum,
          dk_noncrumbling_3, uniq_ijyb, uniq_robin
D:4:      layout_cave_pods, serial_shops, nicolae_shop_hallway_stairs,
          amcnicky_mini_rare_corridor_liquid, uniq_eustachio
D:5:      layout_basic, xom_redecorated, lemuel_doored_altar,
          minmay_temple_entry_crystal_x, uniq_pikel, uniq_duvessa

Skill      XL: |  1  2  3  4  5  6  7 |
---------------+----------------------+-----
Axes           | 3 4 5 6 7 |  7.4
Fighting       | 4 5 6 |  6.1
Armour         | 4 5 6 |  6.1
Dodging        | 1 2 |  2.6
Shields        | |  3.6

Action                   |  1- 3 |  4- 6 |  7- 9 || total
-------------------------+-------+-------+-------++-------
Melee: War axe           |    88 |   128 |    24 ||   240
       Headbutt          |     6 |    18 |     4 ||    28
  Use: Scroll            |       |       |     4 ||     4
       Potion            |       |       |     2 ||     2
Armor: Scale mail        |    48 |    49 |    16 ||   113
       Skin              |       |    14 |       ||    14
Dodge: Dodged            |    29 |    46 |    16 ||    91
Block: Buckler           |    16 |    27 |    12 ||    55

Table legend: (Time is in decaauts)
 A = Elapsed time spent in this place.
 B = Non-inter-level travel time spent in this place.
 C = Inter-level travel time spent in this place.
 D = Time resting spent in this place.
 E = Time spent auto-exploring this place.
 F = Levels seen in this place.
 G = Mean time per level.
                   A        B        C        D        E       F      G
               +--------+--------+--------+--------+--------+-----+--------+
         Total |   4025 |   3872 |    153 |    178 |   3049 |   5 |  805.0 |
       Dungeon |   4025 |   3872 |    153 |    178 |   3049 |   5 |  805.0 |
               +--------+--------+--------+--------+--------+-----+--------+

Top non-repeatable levels by time:
     D:2: 1303 daAuts
     D:3: 908 daAuts
     D:1: 816 daAuts
     D:4: 800 daAuts
     D:5: 196 daAuts
